wizbiz, neutral female human Wizard ------- *################################ ------- |...@.| #--------- ----------#####......| |.frrr| #........| |..>.....|# |.....| |..r..B######|........# |........|# #......| |.....| #|.......|# #+........|# ------- ----.-- #|.......|# ###-.--------# ###### #---------# # ########## # #### # ### # # ### # ### # ##### # # # ------------### # ## # ### |...........################# ----- --------.--# # |..........|# #---.-#####....| |.........|# ##...........-# #|....#### |...| |..........# |..........| ###|...| # |<..| |.........| ------------ # |...| ##-^.^| |.........-################################## |...| |...| ----------- |..>| ----- ----- wizbiz the Conjurer Experience level: 5 Strength: 9 Dexterity: 10 Constitution: 18 Intelligence: 18 Wisdom: 10 Charisma: 10 Health: 0(39) Energy: 3(57) Def: 2 Gold: 779 Moves: 3061 Dungeon seed: B1B2GDO4yaP8Hx-f Game ID: wizbiz_1526269054 Your Inventory: Coins $ - 779 gold pieces Weapons a - a blessed +1 quarterstaff (weapon in hands) G - 8 +2 darts J - 4 +0 darts K - a cursed -1 crossbow M - a +0 spear Armor e - a blessed +0 cloak of magic resistance (being worn) y - an uncursed +0 orcish helm (being worn) I - an uncursed +0 pair of jumping boots Scrolls j - an uncursed scroll of destroy armor L - an uncursed scroll of confuse monster Spellbooks k - a blessed spellbook of force bolt l - an uncursed spellbook of create monster p - an uncursed spellbook of create monster Potions f - a potion of holy water g - 2 uncursed potions of extra healing h - an uncursed potion of enlightenment m - an uncursed potion of fruit juice r - an uncursed potion of sickness s - an uncursed potion of speed Rings c - an uncursed ring of searching d - an uncursed ring of cold resistance q - a cursed ring of invisibility v - a cursed ring of teleportation Wands b - a wand of cold (0:8) n - a wand of cold (0:7) Tools H - an uncursed skeleton key Gems z - an uncursed worthless piece of green glass N - an uncursed worthless piece of black glass Y - an uncursed opal Spells and supernatural/magical abilities: Name Level Category Fail Memory a - force bolt 1 attack 0% 85% O - create monster 2 clerical 67% 85% W - pray for help -- divine ? -- Your skills at the end: Fighting Skills Weapon Skills quarterstaff [Basic] Spellcasting Skills attack spells [Basic] enchantment spells [Basic] Final Attributes: You were piously aligned. You were magic-protected. You are dead. Vanquished creatures: a small mimic a shrieker a gnome lord a homunculus a rabid rat a giant bat an orc zombie 3 iguanas a gas spore a hobbit 2 manes 2 large kobolds 10 giant rats a yellow mold 2 gnomes 5 geckos a jackal a fox a goblin a sewer rat 6 grid bugs 7 lichens 5 kobold zombies 6 newts 62 creatures vanquished. Voluntary challenges: You used a wielded weapon 65 times, starting on turn 55. You were illiterate. You never genocided any monsters. You never polymorphed an object. You never changed form. You used no wishes. You never split a pudding. You never wrote Elbereth's name. You never violated your personal moral code. Dungeon overview: The Dungeons of Doom: levels 1 to 5 Level 1 a long staircase Level 2 a general store, a fountain Level 3 <- You were here an altar to Thoth stairs to The Gnomish Mines Level 4 Level 5 many fountains The Gnomish Mines: Level 4 stairs to The Dungeons of Doom History has recorded: On T:1 you entered the Dungeons of Doom to retrieve the Amulet of Yendor! On T:136 you reached level 2 of The Dungeons of Doom. On T:587 you advanced to experience level 2. On T:840 you advanced to experience level 3. On T:973 you reached level 3 of The Dungeons of Doom. On T:1014 you advanced to experience level 4. On T:1560 you reached level 4 of The Dungeons of Doom. On T:1692 you reached level 1 of The Gnomish Mines. On T:2350 you reached level 5 of The Dungeons of Doom. On T:2497 you advanced to experience level 5. Score breakdown: Gold: 779 ( 9837 points) Experience: 5 levels (11141 points) Exploration: 5 levels ( 10.20%) ( 8660 points) Discoveries: 1 item ( 0.35%) ( 1767 points) Valuables value: (no points given unless you survive) Artifact value: 0 ( 0 points) Variety of kills: 24 monsters ( 6.30%) ( 7529 points) Turncount: 3061 turns ( -629 points) Survival: died (score multiplied by 80%) Total score: 30644 Latest messages: The rabid rat misses the housecat. The wererat starts to attack you, but pulls back. The housecat misses the rabid rat. The housecat bites the rabid rat. The sewer rat starts to attack you, but pulls back. (2x) The sewer rat misses the housecat. The rabid rat misses the housecat. The wererat starts to attack you, but pulls back. The housecat bites the rabid rat. The sewer rat starts to attack you, but pulls back. (2x) The sewer rat misses the housecat. The wererat changes into a human. The wererat starts to attack you, but pulls back. The housecat bites the sewer rat. The sewer rat is killed! You feel that Thoth is well-pleased. You miss the sewer rat. The sewer rat bites! (2x) The wererat changes into a rat. The wererat hits! The housecat eats a sewer rat corpse. The housecat bites the rabid rat. The rabid rat is killed! You miss the sewer rat. The sewer rat bites! (2x) You die... Final status: Goodbye wizbiz the Wizard, killed by a sewer rat... You died in The Dungeons of Doom on dungeon level 3 with 30644 points, and 779 pieces of gold, after 3061 moves. You were level 5 with a maximum of 39 hit points when you died.